 Dungeon Crawl Stone Soup version 0.29.1-15-g9cfb28693d (webtiles) character file.

Game seed: 13177955294082358342

338 Ast3rio the Poker (level 6, -3/55 (56) HPs)
             Began as a Minotaur Berserker on Mar 14, 2023.
             Was a Believer of Trog.
             Slain by an orc wizard
             ... wielding a +4 dagger
              (5 damage)
             ... on level 4 of the Dungeon.
             The game lasted 00:04:28 (3959 turns).

Ast3rio the Poker (Minotaur Berserker)              Turns: 3959, Time: 00:04:28

HP:   -3/55 (56)    AC:  1    Str: 23    XL:     6   Next: 29%
MP:   5/5           EV: 13    Int:  4    God:    Trog [**....]
Gold: 266           SH:  0    Dex: 10    Spells: 5/5 levels left

rFire   . . .      SeeInvis .   a - +0 spear
rCold   . . .      Faith    .   (no shield)
rNeg    . . .      Spirit   .   b - +0 animal skin
rPois   .          Reflect  .   (helmet restricted)
rElec   .          Harm     .   (no cloak)
rCorr   .          Rampage  .   (no gloves)
Will    .....                   (no boots)
Stlth   +.........              (no amulet)
HPRegen 0.18/turn               (no ring)
MPRegen 0.09/turn               (no ring)

@: lightly drained
A: horns 2, retaliatory headbutt, deformed body
a: Renounce Religion, Berserk, Trog's Hand


You were on level 4 of the Dungeon.
You worshipped Trog.
Trog was pleased with you.
You visited 1 branch of the dungeon, and saw 4 of its levels.

You collected 266 gold pieces.

Inventory:

Hand Weapons
 a - a +0 spear (weapon)
Armour
 b - a +0 animal skin (worn)
Wands
 k - a wand of flame (39)
Scrolls
 d - 7 scrolls of identify {unknown}
 e - a scroll of vulnerability {unknown}
 l - a scroll of fog {unknown}
 n - a scroll of teleportation {unknown}
 o - 2 scrolls of poison {unknown}
 q - a scroll of enchant weapon {unknown}
 t - 2 scrolls of fear {unknown}
 w - a scroll of immolation {unknown}
Potions
 c - a potion of resistance
 f - a potion of magic {unknown}
 g - a potion of haste
 h - a potion of flight {unknown}
 i - a potion of mutation
 j - a potion of invisibility {unknown}
 m - a potion of curing
 p - 2 potions of lignification
 r - a potion of berserk rage {unknown}
 s - a potion of attraction {unknown}
 u - a potion of cancellation
 v - a potion of brilliance {unknown}
 x - a potion of heal wounds {unknown}


   Skills:
 + Level 5.2 Fighting
 + Level 5.3 Polearms
 + Level 4.4 Armour
 + Level 4.1 Dodging


You had 5 spell levels left.
You didn't know any spells.
Your spell library was empty.

Dungeon Overview and Level Annotations

Branches:
Dungeon (4/15)
 Temple: D:4-7

Altars:
Ashenzari


Innate Abilities, Weirdness & Mutations

You have a pair of horns on your head.
You reflexively headbutt those who attack you in melee.
Armour fits poorly on your strangely shaped body.


Message History

You hear some strange, mumbled words.
You are confused.
Something hits you.
You hear some strange, mumbled words.
A puff of flame appears from out of thin air!
The puff of flame hits you.
You bump into the rock wall.
Something hits you.
You hit something. Your headbutt misses something. Something hits you.
Something completely misses you.
You miss something. Something hits you but does no damage. Something hits you.
Something hits you. Something hits you.
You feel less confused.
You hear some strange, mumbled words.
You are confused.
Something hits you but does no damage. Something hits you.
You're too confused to move!
Something hits you. Something hits you! Something hits you.
* * * LOW HITPOINT WARNING * * *
Something barely misses you.
You completely miss something. Your headbutt misses something.
Something hits you.
* * * LOW HITPOINT WARNING * * *
You hear some strange, mumbled words.
A magic dart appears from out of thin air!
The magic dart hits you.
* * * LOW HITPOINT WARNING * * *
You barely miss something. Something hits you.
* * * LOW HITPOINT WARNING * * *
You barely miss something. Your headbutt misses something.
You feel less confused. Something hits you.
* * * LOW HITPOINT WARNING * * *
Something hits you.
* * * LOW HITPOINT WARNING * * *
You miss something. Something hits you.
* * * LOW HITPOINT WARNING * * *
Something hits you.
You die...

#### #[. #.# ####.#
#....#
..#####....######.
.......@{.).......
...........######.
..##.#........#### #
#...........# #
#.##.....##.#
#####.#.##.#####
......#.##.######
#...........#.##
......#.##..........


There were no monsters in sight!

Vanquished Creatures
  A scorpion (D:4)
  A hound (D:4)
  An orc priest (D:3)
  Ijyb (D:4)
  6 adders
  4 gnolls (D:4)
  5 worms
  2 dart slugs
  8 orcs
  10 ball pythons
  2 endoplasms
  3 giant cockroaches
  8 goblins (D:4)
  10 hobgoblins
  3 jackals (D:4)
  3 kobolds
  4 bats (D:1)
  3 frilled lizards
  5 rats
80 creatures vanquished.

Vanquished Creatures (others)
  A plant (D:3)
1 creature vanquished.

Grand Total: 81 creatures vanquished

Notes
Turn   | Place    | Note
-------+----------+-------------------------------------------
     0 | D:1      | Ast3rio the Minotaur Berserker began the quest for the Orb.
     0 | D:1      | Reached XP level 1. HP: 19/19 MP: 0/0
   184 | D:1      | Reached XP level 2. HP: 26/27 MP: 1/1
   319 | D:1      | Found a faded altar of an unknown god.
   706 | D:2      | Reached XP level 3. HP: 20/33 MP: 2/2
   963 | D:2      | Reached ** piety under Trog
   994 | D:2      | Found a broken altar of Ashenzari.
  1351 | D:2      | Reached XP level 4. HP: 41/41 MP: 3/3
  2118 | D:3      | Identified the +2 robe "Ciecs" {Rampage rCorr}
  2202 | D:3      | Reached XP level 5. HP: 46/47 MP: 4/4
  2656 | D:4      | Reached skill level 5 in Fighting
  2656 | D:4      | Reached skill level 5 in Polearms
  3100 | D:4      | Noticed Ijyb
  3115 | D:4      | Killed Ijyb
  3116 | D:4      | Reached XP level 6. HP: 21/51 MP: 5/5
  3392 | D:4      | Gained mutation: Armour fits poorly on your strangely
                  | shaped body. [potion of mutation]
  3959 | D:4      | HP: 2/55 [something (2)]
  3959 | D:4      | Slain by an orc wizard

Illustrated notes

Levels and vault maps discovered:
D:1:      zaba_arrival_water, layout_rooms, shapermc_ecumenical_altar_pompeii,
          minivault_23, minmay_distorted
D:2:      layout_loops_ring, basic_altar
D:3:      layout_rooms, serial_corexii_hall, chequers_hall_statues_y,
          chequers_hall_statues_corner_a, minmay_shallow_snake_nest
D:4:      kennysheep_goblin_castle, layout_basic

Skill      XL: |  1  2  3  4  5  6 |
---------------+-------------------+-----
Fighting       | 4 5 |  5.2
Polearms       | 4 5 |  5.3
Armour         | 3 4 |  4.4
Dodging        | 3 4 |  4.1

Action                   |  1- 3 |  4- 6 || total
-------------------------+-------+-------++-------
Melee: Spear             |    92 |   157 ||   249
       Headbutt          |     8 |    21 ||    29
       Punch             |       |     1 ||     1
Invok: Berserk           |       |     2 ||     2
  Use: Potion            |       |     6 ||     6
Armor: Animal skin       |     3 |    14 ||    17
Dodge: Dodged            |    28 |    82 ||   110
